[Event "BL 2018-19"]
[Site "Berlin"]
[Date "2019.03.01"]
[Round "9.14"]
[White "Schuh, Dirk"]
[Black "Nikolic, Predrag"]
[Result "0-1"]
[ECO "C08"]
[WhiteElo "2395"]
[BlackElo "2576"]
[Annotator "ChessBase"]
[PlyCount "47"]
[EventDate "2018.11.10"]
[EventType "team-tourn"]
[EventCountry "GER"]
[SourceTitle "playchess.com"]
[Source "ChessBase"]
[SourceQuality "1"]
[WhiteTeam "Duesseldorf"]
[BlackTeam "Solingen"]
[TimeControl "40/6000+30:3000+30"]

1. e4 e6 2. d4 d5 3. Nd2 c5 4. exd5 exd5 5. Ngf3 a6 6. Be2 Nf6 7. O-O c4 8. b3 cxb3 9. axb3 Be7 10. Re1 O-O 11. Ne5 Qc7 12. Bd3 Bb4 13. Re3 Nc6 14. Ndf3 Ne7 15. Nh4 Ne4 16. Bxe4 dxe4 17. Rxe4 Nd5 18. Bd2 Bc3 19. Rc1 Be6 20. Nd3 Nf6 21. Rf4 Bg4 22. f3 Be6 23. Bxc3 Qxc3 24. Nc5 0-1

[Event "BL 2018-19"]
[Site "Berlin"]
[Date "2019.03.01"]
[Round "9.15"]
[White "Naumann, Alexander"]
[Black "Stark, Lars"]
[Result "1-0"]
[ECO "C42"]
[WhiteElo "2532"]
[BlackElo "2359"]
[Annotator "ChessBase"]
[PlyCount "78"]
[EventDate "2018.11.10"]
[EventType "team-tourn"]
[EventCountry "GER"]
[SourceTitle "playchess.com"]
[Source "ChessBase"]
[SourceQuality "1"]
[WhiteTeam "Solingen"]
[BlackTeam "Duesseldorf"]
[TimeControl "40/6000+30:3000+30"]

1. e4 e5 2. Nf3 Nf6 3. Nxe5 d6 4. Nc4 Nxe4 5. Qe2 Qe7 6. Ne3 Be6 7. c4 Nc6 8. Nc3 Nxc3 9. bxc3 g6 10. d4 Bg7 11. Rb1 Na5 12. Nd5 Bxd5 13. cxd5 Qxe2+ 14. Bxe2 O-O 15. Be3 h5 16. h3 f5 17. g4 hxg4 18. hxg4 f4 19. Bd2 g5 20. Rh5 Bf6 21. Bd3 Kf7 22. Ke2 Rh8 23. Kf3 b6 24. Ke4 Kg6 25. Rbh1 Rae8+ 26. Kf3+ Kf7 27. Bb5 Rd8 28. Re1 Ra8 29. Re6 Raf8 30. Ke4 Bd8 31. c4 c6 32. Ba6 Be7 33. Bb4 Rxh5 34. gxh5 cxd5+ 35. cxd5 Rd8 36. Kf5 g4 37. Kxg4 Nc6 38. dxc6 Kxe6 39. d5+ Kxd5 1-0

[Event "BL 2018-19"]
[Site "Berlin"]
[Date "2019.03.01"]
[Round "9.15"]
[White "Markgraf, Alexander"]
[Black "Van Osch, Mees"]
[Result "1/2-1/2"]
[ECO "C11"]
[WhiteElo "2489"]
[BlackElo "2296"]
[Annotator "ChessBase"]
[PlyCount "58"]
[EventDate "2018.11.10"]
[EventType "team-tourn"]
[EventCountry "GER"]
[SourceTitle "playchess.com"]
[Source "ChessBase"]
[SourceQuality "1"]
[WhiteTeam "Werder Bremen"]
[BlackTeam "Muelheim"]
[TimeControl "40/6000+30:3000+30"]

1. e4 e6 2. d4 d5 3. Nc3 Nf6 4. e5 Nfd7 5. f4 c5 6. Nf3 Nc6 7. Be3 cxd4 8. Nxd4 Qb6 9. Be2 Bc5 10. Na4 Qa5+ 11. c3 Nxd4 12. Bxd4 Bxd4 13. Qxd4 b6 14. Bd1 b5 15. Nc5 Nxc5 16. Qxc5 Bd7 17. Bb3 Rc8 18. Qd4 Qc7 19. O-O O-O 20. Rad1 a5 21. a3 Rb8 22. f5 exf5 23. Bxd5 Rbd8 24. Qf4 Bc8 25. Kh1 Qc5 26. Bb3 Be6 27. Bc2 g6 28. Rxd8 Rxd8 29. Rd1 Rd5 1/2-1/2

[Event "BL 2018-19"]
[Site "Berlin"]
[Date "2019.03.01"]
[Round "9.16"]
[White "Buckels, Valentin"]
[Black "Grigorian, Spartak"]
[Result "1-0"]
[ECO "E04"]
[WhiteElo "2427"]
[BlackElo "2391"]
[Annotator "NA"]
[PlyCount "93"]
[EventDate "2018.11.10"]
[EventType "team-tourn"]
[EventCountry "GER"]
[SourceTitle "playchess.com"]
[Source "ChessBase"]
[SourceQuality "1"]
[WhiteTeam "Muelheim"]
[BlackTeam "Werder Bremen"]
[TimeControl "40/6000+30:3000+30"]

1. d4 Nf6 2. c4 e6 3. g3 d5 4. Nf3 dxc4 5. Bg2 a6 6. O-O Nc6 7. e3 Bd7 8. Qe2 Bd6 9. Qxc4 O-O 10. Rd1 Rb8 11. b3 e5 12. dxe5 Nxe5 13. Qc2 Nxf3+ 14. Bxf3 Be5 15. Bb2 Bxb2 16. Qxb2 Qe7 17. Nd2 Bg4 18. Rac1 Rbd8 19. Bxg4 Nxg4 20. Nc4 h5 21. h3 Nf6 22. Qe5 Qxe5 23. Nxe5 Rxd1+ 24. Rxd1 Re8 25. Nc4 b6 26. Kg2 Kf8 27. f4 Re6 28. Kf3 Rc6 29. Rd2 Ke8 30. Ne5 Rc1 31. g4 Rf1+ 32. Kg2 Rc1 33. Rd4 Rc2+ 34. Kf3 hxg4+ 35. hxg4 g6 36. g5 Nh5 37. Rd7 Rc5 38. Rd2 a5 39. Kg4 Rc3 40. f5 Rc5 41. fxg6 fxg6 42. Nxg6 Ng3 43. Rd4 Ne2 44. Re4+ Kf7 45. Ne5+ Kg8 46. Nd7 Rc1 47. Re7 1-0

[Event "BL 2018-19"]
[Site "Berlin"]
[Date "2019.03.01"]
[Round "9.16"]
[White "Coenen, Michael"]
[Black "Wegerle, Joerg"]
[Result "1/2-1/2"]
[ECO "E06"]
[WhiteElo "2364"]
[BlackElo "2409"]
[Annotator "NA"]
[PlyCount "89"]
[EventDate "2018.11.10"]
[EventType "team-tourn"]
[EventCountry "GER"]
[SourceTitle "playchess.com"]
[Source "ChessBase"]
[SourceQuality "1"]
[WhiteTeam "Duesseldorf"]
[BlackTeam "Solingen"]
[TimeControl "40/6000+30:3000+30"]

1. d4 d5 2. c4 e6 3. Nf3 Be7 4. g3 Nf6 5. Bg2 O-O 6. O-O b6 7. cxd5 exd5 8. Nc3 Bb7 9. Ne5 Nbd7 10. Qa4 Nb8 11. Bg5 c6 12. Rfd1 Nfd7 13. Bxe7 Qxe7 14. Nxd7 Nxd7 15. e4 dxe4 16. Bxe4 Rfc8 17. Re1 Qd8 18. Bg2 Nf6 19. Re5 Rc7 20. Rae1 h6 21. R5e3 Rd7 22. Qb3 Qf8 23. Qc4 Rad8 24. Ne2 c5 25. dxc5 Bxg2 26. Kxg2 Qxc5 27. Qxc5 bxc5 28. Nc3 Rd2 29. R1e2 Kf8 30. h3 a6 31. Kf1 c4 32. Re5 g6 33. Rc5 R2d4 34. Rc6 R8d6 35. Rc8+ Kg7 36. Re7 Nd5 37. Nxd5 R6xd5 38. Re2 a5 39. Rc2 Rb5 40. Ke2 Kf6 41. Rc6+ Ke7 42. Ke3 Rd3+ 43. Ke2 Rd4 44. Ke3 Rd3+ 45. Ke2 1/2-1/2

[Event "BL 2018-19"]
[Site "Berlin"]
[Date "2019.03.01"]
[Round "9.17"]
[White "Salgado Lopez, Ivan"]
[Black "Grandelius, Nils"]
[Result "1/2-1/2"]
[ECO "D31"]
[WhiteElo "2624"]
[BlackElo "2678"]
[Annotator "ChessBase"]
[PlyCount "55"]
[EventDate "2018.11.10"]
[EventType "team-tourn"]
[EventCountry "GER"]
[SourceTitle "playchess.com"]
[Source "ChessBase"]
[SourceQuality "1"]
[WhiteTeam "Kiel"]
[BlackTeam "Hamburg SK"]
[TimeControl "40/6000+30:3000+30"]

1. d4 d5 2. c4 e6 3. Nc3 a6 4. cxd5 exd5 5. Nf3 h6 6. Bf4 Nf6 7. e3 Bd6 8. h3 Bxf4 9. exf4 O-O 10. Bd3 Re8+ 11. Ne2 c5 12. dxc5 Qa5+ 13. Qd2 Qxc5 14. Rc1 Qb6 15. O-O Nc6 16. Bb1 Bd7 17. b3 Rad8 18. Ned4 Ne4 19. Qb2 Nxd4 20. Qxd4 Qxd4 21. Nxd4 Rc8 22. f3 Nc3 23. Kf2 Kf8 24. Rfe1 Rxe1 25. Kxe1 Nxb1 26. Rxb1 Ke7 27. Kd2 Kd6 28. Re1 {[%emt 0:07:02] Ke5} 1/2-1/2

[Event "BL 2018-19"]
[Site "Berlin"]
[Date "2019.03.01"]
[Round "9.18"]
[White "Vitiugov, Nikita"]
[Black "Kryvoruchko, Yuriy"]
[Result "1/2-1/2"]
[ECO "A28"]
[WhiteElo "2719"]
[BlackElo "2698"]
[Annotator "RC"]
[PlyCount "59"]
[EventDate "2018.11.10"]
[EventType "team-tourn"]
[EventCountry "GER"]
[SourceTitle "playchess.com"]
[Source "ChessBase"]
[SourceQuality "1"]
[WhiteTeam "Hockenheim"]
[BlackTeam "Viernheim"]
[TimeControl "40/6000+30:3000+30"]

1. c4 Nf6 2. Nc3 e5 3. Nf3 Nc6 4. e3 Bb4 5. Qc2 Bxc3 6. Qxc3 Qe7 7. Be2 O-O 8. d4 Ne4 9. Qc2 exd4 10. exd4 Qb4+ 11. Bd2 Nxd2 12. Qxd2 Qxd2+ 13. Kxd2 d6 14. h3 Bd7 15. Rhe1 Rfe8 16. Bd3 Rxe1 17. Rxe1 Re8 18. Rc1 Ne7 19. b4 a6 20. Rc3 c6 21. a4 f6 22. Ra3 Be6 23. Ne1 Kf7 24. Nc2 Ra8 25. Na1 a5 26. bxa5 Rxa5 27. Nb3 Ra7 28. Kc3 b6 29. a5 c5 30. Be4 1/2-1/2

[Event "BL 2018-19"]
[Site "Berlin"]
[Date "2019.03.01"]
[Round "9.19"]
[White "Amin, Bassem"]
[Black "Cheparinov, Ivan"]
[Result "1/2-1/2"]
[ECO "B51"]
[WhiteElo "2709"]
[BlackElo "2709"]
[Annotator "ChessBase"]
[PlyCount "126"]
[EventDate "2018.11.10"]
[EventType "team-tourn"]
[EventCountry "GER"]
[SourceTitle "playchess.com"]
[Source "ChessBase"]
[SourceQuality "1"]
[WhiteTeam "Viernheim"]
[BlackTeam "Hockenheim"]
[TimeControl "40/6000+30:3000+30"]

1. e4 c5 2. Nf3 d6 3. Bb5+ Nd7 4. O-O a6 5. Bd3 Ngf6 6. Re1 e6 7. c3 b5 8. Bc2 c4 9. a4 Bb7 10. d4 cxd3 11. Qxd3 Nc5 12. Qe2 bxa4 13. Be3 Nfd7 14. Bxc5 Nxc5 15. Rxa4 Be7 16. Rd4 Qc7 17. e5 d5 18. Nbd2 a5 19. Rg4 Ba6 20. Qe3 g6 21. Nd4 Rb8 22. b3 Nd7 23. Rg3 Rc8 24. Rf3 Bc5 25. Qf4 Rf8 26. Rfe3 g5 27. Qg4 h5 28. Qxh5 Bxd4 29. cxd4 Qxc2 30. Nf3 Qg6 31. Qxg6 fxg6 32. Nxg5 Ke7 33. Rh3 Rh8 34. Rf3 Rhf8 35. Rh3 Rh8 36. Rf3 Rh5 37. h4 Rf8 38. Rxf8 Nxf8 39. g3 Nd7 40. Rc1 a4 41. bxa4 Bc4 42. Rc3 Rh8 43. Rf3 Rf8 44. Rxf8 Nxf8 45. g4 Nd7 46. f3 Nb8 47. h5 gxh5 48. gxh5 Nc6 49. h6 Kf8 50. Nxe6+ Kg8 51. f4 Bd3 52. Kf2 Bf5 53. Nc7 Nxd4 54. Nxd5 Kh7 55. Ne7 Bd7 56. a5 Bb5 57. f5 Kxh6 58. f6 Nb3 59. Ke3 Nxa5 60. e6 Be8 61. Kd4 Nb7 62. Ke5 Nd8 63. Nd5 Kg6 1/2-1/2

[Event "BL 2018-19"]
[Site "Berlin"]
[Date "2019.03.01"]
[Round "9.19"]
[White "Glud, Jakob Vang"]
[Black "Kempinski, Robert"]
[Result "1/2-1/2"]
[ECO "A10"]
[WhiteElo "2548"]
[BlackElo "2574"]
[Annotator "RC"]
[PlyCount "57"]
[EventDate "2018.11.10"]
[EventType "team-tourn"]
[EventCountry "GER"]
[SourceTitle "playchess.com"]
[Source "ChessBase"]
[SourceQuality "1"]
[WhiteTeam "Kiel"]
[BlackTeam "Hamburg SK"]
[TimeControl "40/6000+30:3000+30"]

1. c4 b6 2. Nf3 Bb7 3. g3 c5 4. Bg2 Nf6 5. O-O g6 6. b3 Bg7 7. Bb2 O-O 8. Nc3 d5 9. d4 dxc4 10. dxc5 Qxd1 11. Rfxd1 cxb3 12. Nb5 Nbd7 13. cxb6 axb6 14. axb3 Rxa1 15. Rxa1 Ra8 16. Rxa8+ Bxa8 17. Ba3 Kf8 18. e3 Bd5 19. Nd2 Bxg2 20. Kxg2 Nd5 21. Ne4 Ne5 22. Kf1 Nc6 23. Ke2 Ke8 24. Kd3 Kd7 25. Nd2 Nc7 26. Nxc7 Kxc7 27. e4 b5 28. Bc5 Be5 29. Nf3 1/2-1/2

[Event "BL 2018-19"]
[Site "Berlin"]
[Date "2019.03.01"]
[Round "9.20"]
[White "Fedoseev, Vladimir"]
[Black "Maze, Sebastien"]
[Result "1-0"]
[ECO "B33"]
[WhiteElo "2714"]
[BlackElo "2602"]
[Annotator "ChessBase"]
[PlyCount "95"]
[EventDate "2018.11.10"]
[EventType "team-tourn"]
[EventCountry "GER"]
[SourceTitle "playchess.com"]
[Source "ChessBase"]
[SourceQuality "1"]
[WhiteTeam "Hockenheim"]
[BlackTeam "Viernheim"]
[TimeControl "40/6000+30:3000+30"]

1. e4 c5 2. Nf3 Nc6 3. d4 cxd4 4. Nxd4 Nf6 5. Nc3 e5 6. Ndb5 d6 7. Bg5 a6 8. Na3 b5 9. Nd5 Be7 10. Bxf6 Bxf6 11. c3 Bg5 12. Nc2 Rb8 13. Be2 O-O 14. O-O Be6 15. Qd3 Ne7 16. Ncb4 Qc8 17. Nxe7+ Bxe7 18. Rfd1 Qb7 19. Nd5 Bxd5 20. Qxd5 Qxd5 21. Rxd5 Rfc8 22. a4 bxa4 23. Bxa6 Rc5 24. Rd2 Bg5 25. Rc2 Ra5 26. Bc4 Bd8 27. Rd2 Bc7 28. Kf1 Kf8 29. Bd5 Rab5 30. Ra2 R5b6 31. Ke2 Bd8 32. Kd1 Bg5 33. Re2 h5 34. Kc2 h4 35. h3 Bd8 36. Kb1 Ra6 37. b4 Bb6 38. Ra3 Ke7 39. f3 Kf6 40. Rea2 Kg5 41. Bxf7 Kf4 42. Rxa4 Rxa4 43. Rxa4 Kg3 44. Be6 Kxg2 45. Bg4 Kf2 46. Kc2 Ke3 47. Ra1 Rb7 48. Rd1 1-0

[Event "BL 2018-19"]
[Site "Berlin"]
[Date "2019.03.01"]
[Round "9.20"]
[White "Lampert, Jonas"]
[Black "Hector, Jonny"]
[Result "0-1"]
[ECO "C77"]
[WhiteElo "2547"]
[BlackElo "2495"]
[Annotator "ChessBase"]
[PlyCount "80"]
[EventDate "2018.11.10"]
[EventType "team-tourn"]
[EventCountry "GER"]
[SourceTitle "playchess.com"]
[Source "ChessBase"]
[SourceQuality "1"]
[WhiteTeam "Hamburg SK"]
[BlackTeam "Kiel"]
[TimeControl "40/6000+30:3000+30"]

1. e4 e5 2. Nf3 Nc6 3. Bb5 a6 4. Ba4 Nf6 5. Nc3 Bc5 6. O-O d6 7. Nd5 O-O 8. c3 Nxd5 9. exd5 Ne7 10. d4 exd4 11. b4 Ba7 12. c4 b5 13. Bb3 Bg4 14. cxb5 axb5 15. h3 Bxf3 16. Qxf3 Ng6 17. Bb2 f5 18. Rad1 Qh4 19. Qg3 Qf6 20. Rfe1 Ne5 21. Qf4 g5 22. Qd2 g4 23. hxg4 Qh4 24. Bxd4 Bxd4 25. Qxd4 Rae8 26. Bc2 fxg4 27. Re4 Rf6 28. Rd3 Rh6 29. Kf1 Rf8 30. Ke2 Rhf6 31. Rg3 h5 32. Qa7 Nc4 33. Qd4 Rxf2+ 34. Qxf2 Rxf2+ 35. Kxf2 Qf6+ 36. Ke2 Qb2 37. Kd1 Na3 38. Bd3 Nb1 39. Ke1 Nc3 40. Re6 Qc1+ 0-1

[Event "BL 2018-19"]
[Site "Berlin"]
[Date "2019.03.01"]
[Round "9.21"]
[White "Kovalenko, Igor"]
[Black "Tomashevsky, Evgeny"]
[Result "1/2-1/2"]
[ECO "C65"]
[WhiteElo "2644"]
[BlackElo "2705"]
[Annotator "ChessBase"]
[PlyCount "119"]
[EventDate "2018.11.10"]
[EventType "team-tourn"]
[EventCountry "GER"]
[SourceTitle "playchess.com"]
[Source "ChessBase"]
[SourceQuality "1"]
[WhiteTeam "Viernheim"]
[BlackTeam "Hockenheim"]
[TimeControl "40/6000+30:3000+30"]

1. e4 e5 2. Nf3 Nc6 3. Bb5 Nf6 4. d3 Bc5 5. h3 Nd4 6. Nxd4 Bxd4 7. c3 Bb6 8. Bg5 h6 9. Bh4 c6 10. Ba4 d6 11. Nd2 Be6 12. Bb3 Qe7 13. Bxe6 Qxe6 14. Nc4 O-O 15. Bxf6 Qxf6 16. O-O Bc7 17. Ne3 g6 18. Qb3 Rab8 19. Rad1 h5 20. Rfe1 Rfe8 21. Qc2 Qe6 22. Qe2 Rbd8 23. a3 Bb6 24. Nc4 Bc7 25. Nd2 d5 26. Nf3 dxe4 27. Qxe4 Qb3 28. Qe2 Kg7 29. Rd2 Qd5 30. Qd1 Re7 31. Qa4 a6 32. Qh4 Red7 33. d4 exd4 34. Nxd4 Kg8 35. Rde2 Rf8 36. Nf3 Qf5 37. Qb4 a5 38. Qb3 Qf6 39. Kf1 Bf4 40. Re4 Kg7 41. Qb6 Bc7 42. Qe3 Rfd8 43. Qe2 Qd6 44. a4 Qd3 45. Qxd3 Rxd3 46. Ke2 R3d5 47. Rb1 Kf6 48. g4 hxg4 49. hxg4 R5d6 50. b4 axb4 51. Rbxb4 b6 52. Rbc4 c5 53. Re3 R6d7 54. Rce4 g5 55. Re8 Bf4 56. R3e4 Rxe8 57. Rxe8 Ra7 58. Re4 Rd7 59. Re8 Ra7 60. Re4 {[%emt 0:00:05] Ke5} 1/2-1/2

[Event "BL 2018-19"]
[Site "Berlin"]
[Date "2019.03.01"]
[Round "9.22"]
[White "Saric, Ivan"]
[Black "Beikert, Guenther"]
[Result "1-0"]
[ECO "C95"]
[WhiteElo "2692"]
[BlackElo "2403"]
[Annotator "ChessBase"]
[PlyCount "83"]
[EventDate "2018.11.10"]
[EventType "team-tourn"]
[EventCountry "GER"]
[SourceTitle "playchess.com"]
[Source "ChessBase"]
[SourceQuality "1"]
[WhiteTeam "Hockenheim"]
[BlackTeam "Viernheim"]
[TimeControl "40/6000+30:3000+30"]

1. e4 e5 2. Nf3 Nc6 3. Bb5 a6 4. Ba4 Nf6 5. O-O Be7 6. Re1 b5 7. Bb3 d6 8. c3 O-O 9. h3 Nb8 10. d4 Nbd7 11. Nbd2 Bb7 12. Bc2 Re8 13. Nf1 Bf8 14. Ng3 g6 15. a4 c5 16. d5 c4 17. Bg5 h6 18. Be3 Qc7 19. Qd2 h5 20. Rf1 Rab8 21. Nh4 Bc8 22. axb5 axb5 23. f4 exf4 24. Bxf4 Nc5 25. Bh6 Nh7 26. Bxf8 Rxf8 27. Qh6 Qe7 28. Nf3 Re8 29. e5 dxe5 30. Bxg6 fxg6 31. Qxg6+ Kh8 32. Nh4 Rb7 33. Qxh5 Qd8 34. Ra8 Rg7 35. Ng6+ Rxg6 36. Qxg6 Rg8 37. Qc6 Nd3 38. Rf7 Qg5 39. Rxc8 Qe3+ 40. Kh1 Qe1+ 41. Nf1 Nf2+ 42. Kh2 1-0

[Event "BL 2018-19"]
[Site "Berlin"]
[Date "2019.03.01"]
[Round "9.22"]
[White "Rogozenco, Dorian"]
[Black "Stopa, Jacek"]
[Result "1/2-1/2"]
[ECO "A65"]
[WhiteElo "2495"]
[BlackElo "2431"]
[Annotator "ChessBase"]
[PlyCount "133"]
[EventDate "2018.11.10"]
[EventType "team-tourn"]
[EventCountry "GER"]
[SourceTitle "playchess.com"]
[Source "ChessBase"]
[SourceQuality "1"]
[WhiteTeam "Hamburg SK"]
[BlackTeam "Kiel"]
[TimeControl "40/6000+30:3000+30"]

1. d4 Nf6 2. c4 e6 3. Nc3 c5 4. d5 exd5 5. cxd5 d6 6. e4 g6 7. Bd3 Bg7 8. h3 O-O 9. Nf3 b5 10. Bxb5 Nxe4 11. Nxe4 Qa5+ 12. Nfd2 Qxb5 13. Nxd6 Qa6 14. N2c4 Nd7 15. O-O Ne5 16. Nxc8 Raxc8 17. Nxe5 Bxe5 18. Qf3 Rfd8 19. Rd1 Qd6 20. Rb1 Bd4 21. Be3 Qxd5 22. Qxd5 Rxd5 23. Rd2 Rcd8 24. Rbd1 a5 25. Kf1 f5 26. Bxd4 cxd4 27. Ke2 Rb5 28. Rc2 Kf7 29. Kd3 Kf6 30. Re1 Rd6 31. Ree2 a4 32. Rc4 Rdb6 33. Rxa4 Rxb2 34. Rxd4 Rb1 35. Rc2 Ra6 36. Rdc4 Kg5 37. Rc6 Ra3+ 38. R6c3 Ra8 39. Rb3 Ra1 40. Rbb2 h5 41. Re2 h4 42. Rbc2 Ra6 43. Kc4 Ra8 44. Kb3 Rb1+ 45. Rb2 Ra1 46. Red2 Rb8+ 47. Kc4 Rc8+ 48. Kd3 Rd8+ 49. Kc4 Rc8+ 50. Kb5 Ra8 51. Rbc2 Rb1+ 52. Kc4 Rc8+ 53. Kd3 Ra8 54. Rc4 Ra1 55. f4+ Kh6 56. Rcc2 Ra3+ 57. Kd4 Ra5 58. Kc3 Ra4 59. Rf2 Rb1 60. Rb2 Ra1 61. Kb3 Ra7 62. Rbd2 Rb7+ 63. Kc3 Ra7 64. Kb3 Rb7+ 65. Kc3 Ra7 66. Kb3 Rb7+ 67. Kc3 1/2-1/2

[Event "BL 2018-19"]
[Site "Berlin"]
[Date "2019.03.01"]
[Round "9.23"]
[White "Meinhardt, Maximilian"]
[Black "Ponomariov, Ruslan"]
[Result "0-1"]
[ECO "B25"]
[WhiteElo "2403"]
[BlackElo "2665"]
[Annotator "ChessBase"]
[PlyCount "68"]
[EventDate "2018.11.10"]
[EventType "team-tourn"]
[EventCountry "GER"]
[SourceTitle "playchess.com"]
[Source "ChessBase"]
[SourceQuality "1"]
[WhiteTeam "Viernheim"]
[BlackTeam "Hockenheim"]
[TimeControl "40/6000+30:3000+30"]

1. e4 c5 2. Nc3 Nc6 3. g3 g6 4. Bg2 Bg7 5. d3 d6 6. Nge2 Rb8 7. a4 a6 8. Be3 Nf6 9. h3 b5 10. axb5 axb5 11. d4 Nd7 12. O-O O-O 13. dxc5 Nxc5 14. Nd4 Ne5 15. b3 b4 16. Nd5 e6 17. f4 exd5 18. fxe5 Nxe4 19. Nc6 Qc7 20. Qxd5 Be6 21. exd6 Nxd6 22. Qa5 Rbc8 23. Qxb4 Bxa1 24. Rxa1 Nf5 25. Bf4 Qd7 26. Qc5 Rfe8 27. b4 f6 28. b5 g5 29. g4 Nh4 30. Ra7 Qd1+ 31. Bf1 gxf4 32. Qh5 Nf3+ 33. Kg2 Ng5 34. Bd3 Bd5+ 0-1

[Event "BL 2018-19"]
[Site "Berlin"]
[Date "2019.03.01"]
[Round "9.23"]
[White "Hoi, Carsten"]
[Black "Sebastian, Dirk"]
[Result "1/2-1/2"]
[ECO "A42"]
[WhiteElo "2380"]
[BlackElo "2442"]
[Annotator "NA"]
[PlyCount "39"]
[EventDate "2018.11.10"]
[EventType "team-tourn"]
[EventCountry "GER"]
[SourceTitle "playchess.com"]
[Source "ChessBase"]
[SourceQuality "1"]
[WhiteTeam "Kiel"]
[BlackTeam "Hamburg SK"]
[TimeControl "40/6000+30:3000+30"]

1. d4 g6 2. c4 Bg7 3. Nc3 d6 4. e4 Nd7 5. Be3 e5 6. Nge2 Ne7 7. Qd2 O-O 8. O-O-O exd4 9. Nxd4 Ne5 10. Be2 N7c6 11. h4 Nxd4 12. Bxd4 Be6 13. Nd5 Bxd5 14. cxd5 Nd7 15. Bxg7 Kxg7 16. f4 Re8 17. Bf3 h5 18. g3 Qf6 19. Rhe1 Re7 20. Re3 1/2-1/2

[Event "BL 2018-19"]
[Site "Berlin"]
[Date "2019.03.01"]
[Round "9.24"]
[White "Howell, David W L"]
[Black "Mandel, Andreas"]
[Result "1-0"]
[ECO "A49"]
[WhiteElo "2693"]
[BlackElo "2392"]
[Annotator "ChessBase"]
[PlyCount "107"]
[EventDate "2018.11.10"]
[EventType "team-tourn"]
[EventCountry "GER"]
[SourceTitle "playchess.com"]
[Source "ChessBase"]
[SourceQuality "1"]
[WhiteTeam "Hockenheim"]
[BlackTeam "Viernheim"]
[TimeControl "40/6000+30:3000+30"]

1. d4 Nf6 2. Nf3 g6 3. g3 Bg7 4. Bg2 O-O 5. O-O d6 6. b3 c5 7. Bb2 cxd4 8. Nxd4 d5 9. c4 dxc4 10. bxc4 Qc7 11. Qc1 Nc6 12. Nxc6 bxc6 13. Nd2 Bg4 14. Re1 Rab8 15. Nb3 Be6 16. Bd4 Nd7 17. Qc3 Bxd4 18. Nxd4 Qe5 19. Qd2 Qd6 20. Red1 Ne5 21. Qc3 Qb4 22. Qxb4 Rxb4 23. c5 Rc4 24. Nxe6 fxe6 25. Rac1 Rxc1 26. Rxc1 Rc8 27. Rc3 Rc7 28. Re3 Nf7 29. Rxe6 Nd8 30. Re3 Kf7 31. f4 Ne6 32. Rc3 Nd4 33. Kf2 e5 34. Rc4 Kf6 35. e3 Ne6 36. h4 h6 37. Be4 g5 38. hxg5+ hxg5 39. f5 Nf8 40. Kf3 Nd7 41. Rc2 Ke7 42. g4 Rc8 43. Rh2 Nf6 44. Rb2 Rc7 45. Rb8 Kd7 46. a4 Ke7 47. a5 Kd7 48. a6 Ke7 49. Ra8 Kd7 50. Rh8 Ke7 51. Rh6 Kf7 52. Rg6 Nd7 53. Rxg5 Nxc5 54. Rh5 1-0

[Event "BL 2018-19"]
[Site "Berlin"]
[Date "2019.03.01"]
[Round "9.24"]
[White "Carlstedt, Jonathan"]
[Black "Olsen, Filip Boe"]
[Result "1-0"]
[ECO "D00"]
[WhiteElo "2418"]
[BlackElo "2335"]
[Annotator "NA"]
[PlyCount "81"]
[EventDate "2018.11.10"]
[EventType "team-tourn"]
[EventCountry "GER"]
[SourceTitle "playchess.com"]
[Source "ChessBase"]
[SourceQuality "1"]
[WhiteTeam "Hamburg SK"]
[BlackTeam "Kiel"]
[TimeControl "40/6000+30:3000+30"]

1. d4 d5 2. Bf4 Nf6 3. e3 c5 4. c3 Nc6 5. Nd2 Bf5 6. Ngf3 e6 7. Nh4 Be4 8. Nxe4 Nxe4 9. Nf3 g5 10. Bg3 h5 11. Qb3 Qc8 12. dxc5 h4 13. Bd6 g4 14. Nd4 Nxd6 15. cxd6 Bxd6 16. Bb5 Ke7 17. O-O-O Qc7 18. Be2 Nxd4 19. exd4 g3 20. fxg3 hxg3 21. h4 a6 22. Rde1 b5 23. Kb1 Rab8 24. h5 Qc6 25. Rhf1 a5 26. Qc2 b4 27. Rxf7+ Kxf7 28. Qg6+ Ke7 29. Qg7+ Kd8 30. Qxh8+ Kd7 31. Qh7+ Kd8 32. Qg8+ Kc7 33. Qf7+ Kd8 34. c4 dxc4 35. Bf3 Qd7 36. Qg6 c3 37. Rxe6 c2+ 38. Kxc2 Rc8+ 39. Kb1 Kc7 40. Re1 Kb8 41. Bg4 1-0

[Event "BL 2018-19"]
[Site "Berlin"]
[Date "2019.03.01"]
[Round "9.25"]
[White "Kulaots, Kaido"]
[Black "Mons, Leon"]
[Result "0-1"]
[ECO "C84"]
[WhiteElo "2551"]
[BlackElo "2554"]
[Annotator "ChessBase"]
[PlyCount "140"]
[EventDate "2018.11.10"]
[EventType "team-tourn"]
[EventCountry "GER"]
[SourceTitle "playchess.com"]
[Source "ChessBase"]
[SourceQuality "1"]
[WhiteTeam "Augsburg"]
[BlackTeam "Zugzwang Muenchen"]
[TimeControl "40/6000+30:3000+30"]

1. e4 e5 2. Nf3 Nc6 3. Bb5 a6 4. Ba4 Nf6 5. O-O Be7 6. d3 b5 7. Bb3 d6 8. a4 Bd7 9. c3 O-O 10. Bc2 Re8 11. Re1 h6 12. Nbd2 Bf8 13. h3 b4 14. d4 bxc3 15. bxc3 exd4 16. cxd4 Nb4 17. Bb1 c5 18. d5 a5 19. Nc4 Bc8 20. Ra3 Ba6 21. Nfd2 g6 22. Bb2 Bg7 23. Qc1 Qc7 24. Rf3 Nd7 25. Bxg7 Kxg7 26. Qc3+ Ne5 27. Nxe5 dxe5 28. Nc4 Bxc4 29. Qxc4 Rab8 30. Rc1 Rec8 31. Qc3 Qd6 32. Qa1 Kg8 33. Rfc3 Rc7 34. Rc4 Rbc8 35. Qc3 Kh7 36. Qe3 Kg7 37. Bc2 Rb8 38. Bd1 Na6 39. Be2 Rb4 40. h4 h5 41. Qc3 Kg8 42. g3 Kf8 43. Qc2 Kg7 44. Qd2 Rcb7 45. Kg2 Rxc4 46. Bxc4 Rb4 47. Qc2 Nb8 48. Bb5 Nd7 49. Bxd7 Qxd7 50. Qxc5 Rxe4 51. d6 Kf6 52. Qc7 Ke6 53. Qxa5 Rd4 54. Qb6 Rxd6 55. Qb3+ Kf6 56. a5 Qe6 57. Qf3+ Kg7 58. Ra1 Ra6 59. Qe4 Kh7 60. Kg1 Qd6 61. Qc4 Kg7 62. Qb5 Qf6 63. Re1 e4 64. Qc5 e3 65. fxe3 Qf3 66. Qe5+ Rf6 67. Ra1 Kh7 68. a6 Rf5 69. Qc7 Qxe3+ 70. Kh1 Qe4+ 0-1

[Event "BL 2018-19"]
[Site "Berlin"]
[Date "2019.03.01"]
[Round "9.27"]
[White "Postny, Evgeny"]
[Black "Hertneck, Gerald"]
[Result "1/2-1/2"]
[ECO "E11"]
[WhiteElo "2617"]
[BlackElo "2492"]
[Annotator "ChessBase"]
[PlyCount "86"]
[EventDate "2018.11.10"]
[EventType "team-tourn"]
[EventCountry "GER"]
[SourceTitle "playchess.com"]
[Source "ChessBase"]
[SourceQuality "1"]
[WhiteTeam "Augsburg"]
[BlackTeam "Zugzwang Muenchen"]
[TimeControl "40/6000+30:3000+30"]

1. d4 Nf6 2. c4 e6 3. Nf3 Bb4+ 4. Nbd2 d5 5. Qa4+ Nc6 6. e3 O-O 7. a3 Bxd2+ 8. Bxd2 Ne4 9. Qc2 Nxd2 10. Qxd2 b6 11. b4 Ne7 12. cxd5 Nxd5 13. Be2 Bb7 14. O-O Qe7 15. Rfc1 Rfc8 16. Rab1 Nf6 17. Ne5 c5 18. dxc5 bxc5 19. b5 Rd8 20. Qe1 Rac8 21. a4 Ne4 22. Nc4 Bd5 23. Rc2 Nd6 24. Rbc1 Qg5 25. Qf1 Nxc4 26. Bxc4 Bxc4 27. Rxc4 Rd2 28. Qe1 Qd8 29. h3 h6 30. Qf1 Rc7 31. R4c2 Rxc2 32. Rxc2 Rd7 33. Qc4 Rd1+ 34. Kh2 Qd6+ 35. g3 Qe5 36. Qe2 Qd5 37. e4 Qd4 38. Kg2 Qa1 39. Rxc5 Rg1+ 40. Kh2 Rh1+ 41. Kg2 Rg1+ 42. Kh2 Rh1+ 43. Kg2 Rg1+ 1/2-1/2